 Dungeon Crawl Stone Soup version 0.28-a0-401-ge240ad9e29 (webtiles) character file.

Game seed: 6865195538996418898

233 mg7810 the Covered (level 6, 0/48 HPs)
             Began as a Human Fighter on Sept 5, 2021.
             Succumbed to Ijyb's poison
             ... on level 3 of the Dungeon.
             The game lasted 00:04:28 (2350 turns).

mg7810 the Covered (Human Fighter)                  Turns: 2350, Time: 00:04:28

Health: 0/48       AC:  7    Str: 18    XL:     6   Next: 26%
Magic:  6/6        EV:  9    Int: 14    God:
Gold:   140        SH:  5    Dex: 13    Spells: 5/5 levels left

rFire   . . .      SeeInvis .   j - +2 hand axe (freeze)
rCold   . . .      Faith    .   c - +0 buckler
rNeg    . . .      Spirit   .   b - +0 scale mail
rPois   .          Reflect  .   (no helmet)
rElec   .          Harm     .   (no cloak)
rCorr   .          Rampage  .   (no gloves)
Will    .....                   (no boots)
Stlth   ..........              (no amulet)
HPRegen 0.16/turn               f - +6 ring of intelligence
MPRegen 0.10/turn               (no ring)

@: mighty, lethally poisoned (0 -> -2), flying
A: no striking features
a: no special abilities


You were on level 3 of the Dungeon.
You visited 1 branch of the dungeon, and saw 3 of its levels.

You collected 140 gold pieces.

Inventory:

Hand Weapons
 a - a +0 war axe
 j - a +2 hand axe of freezing (weapon)
Missiles
 o - 4 poisoned darts (quivered)
Armour
 b - a +0 scale mail (worn)
 c - a +0 buckler (worn)
Jewellery
 f - a +6 ring of intelligence (left hand)
Wands
 l - a wand of flame (21)
Scrolls
 e - a scroll of acquirement {unknown}
 g - 3 scrolls of identify {unknown}
 k - a scroll of amnesia {unknown}
 m - a scroll of teleportation {unknown}
 n - a scroll of fear {unknown}


   Skills:
 + Level 3.7 Fighting
 + Level 3.6 Axes
 * Level 0.2 Throwing
 + Level 4.1 Armour
 + Level 1.0 Dodging
 + Level 3.4 Shields
 * Level 2.0 Evocations


You had 5 spell levels left.
You didn't know any spells.
Your spell library was empty.

Dungeon Overview and Level Annotations

Branches:
Dungeon (3/15)

Altars:


Message History

You completely miss Ijyb.
Ijyb is lightly wounded.
You feel very sick. Ijyb hits you but does no damage.
You are lethally poisoned!
It was a potion of flight.
You feel very buoyant.
You fly up into the air.
You feel very sick. Ijyb misses you.
You barely miss Ijyb.
Ijyb is lightly wounded.
* * * LOW HITPOINT WARNING * * *
You feel very sick. You block Ijyb's attack.
You slash Ijyb! You freeze Ijyb.
Ijyb is almost dead.
* * * LOW HITPOINT WARNING * * *
You feel very sick.
Ijyb hits you with a +2 dagger of venom.
* * * LOW HITPOINT WARNING * * *
You slash Ijyb! You freeze Ijyb.
You kill Ijyb!
* * * LOW HITPOINT WARNING * * *
You feel very sick.
Your Dodging skill increases to level 1!
Your Evocations skill increases to level 2!
* * * LOW HITPOINT WARNING * * *
You feel sick.
Things that are here:
a +2 dagger of venom; a +0 scale mail; a wand of iceblast (5)
* * * LOW HITPOINT WARNING * * *
You feel sick.
* * * LOW HITPOINT WARNING * * *
You feel sick.
* * * LOW HITPOINT WARNING * * *
You feel sick.
* * * LOW HITPOINT WARNING * * *
You feel sick.
You die...

..)...# #.#
#.....#
#####.#.#
#.....#
#.....#.#
#.....#
#.....#.#
#.....#
#.....#.#
#######
####.[...#.#
#........#.#
#........#.#
+..@....)†.#
#........###
#........#
#...(....#
#........#
########.#
#.# #.#


There were no monsters in sight!

Vanquished Creatures
  Sigmund (D:2)
  Ijyb (D:3)
  A worm (D:2)
  An orc (D:3)
  5 ball pythons
  3 endoplasms
  2 giant cockroaches
  5 goblins
  A hobgoblin (D:1)
  2 quokkas
  A bat (D:1)
  5 frilled lizards
  5 kobolds
  2 rats
35 creatures vanquished.

Notes
Turn   | Place    | Note
-------+----------+-------------------------------------------
     0 | D:1      | mg7810 the Human Fighter began the quest for the Orb.
     0 | D:1      | Reached XP level 1. HP: 18/18 MP: 1/1
   427 | D:1      | Reached XP level 2. HP: 21/24 MP: 2/2
   500 | D:1      | You fall into a shaft and drop 1 floor!
  1251 | D:2      | Reached XP level 3. HP: 20/29 MP: 3/3
  1603 | D:2      | Found a faded altar of an unknown god.
  1746 | D:2      | Noticed Sigmund
  1761 | D:2      | Killed Sigmund
  1762 | D:2      | Reached skill level 4 in Armour
  1762 | D:2      | Reached skill level 1 in Evocations
  1762 | D:2      | Reached XP level 4. HP: 5/37 MP: 4/4
  1762 | D:2      | Reached XP level 5. HP: 6/42 MP: 5/5
  1762 | D:2      | Reached XP level 6. HP: 7/48 MP: 6/6
  2325 | D:3      | Noticed Ijyb
  2344 | D:3      | Killed Ijyb
  2345 | D:3      | Reached skill level 1 in Dodging
  2348 | D:3      | HP: 2/48 [poisoned by Ijyb]
  2350 | D:3      | Succumbed to Ijyb's poison

Illustrated notes

Levels and vault maps discovered:
D:1:      tarquinn_simple_flora_water_f, layout_rooms
D:2:      layout_basic, hellmonk_ecumenical_altar_run_dry, fountainhead,
          uniq_sigmund
D:3:      layout_basic, uniq_ijyb

Skill      XL: |  1  2  3  4  5  6 |
---------------+-------------------+-----
Axes           | 3 |  3.6
Armour         | 4 |  4.1
Evocations     | 1 2 |  2.0
Dodging        | 1 |  1.0
Fighting       | |  3.7
Throwing       | |  0.2
Shields        | |  3.4

Action                   |  1- 3 |  4- 6 || total
-------------------------+-------+-------++-------
Melee: War axe           |    58 |       ||    58
       Hand axe          |    20 |    40 ||    60
Evoke: Wand              |     5 |       ||     5
  Use: Potion            |     1 |     3 ||     4
Armor: Scale mail        |    31 |     9 ||    40
Dodge: Dodged            |    34 |    10 ||    44
Block: Buckler           |     8 |     9 ||    17

Table legend: (Time is in decaauts)
 A = Elapsed time spent in this place.
 B = Non-inter-level travel time spent in this place.
 C = Inter-level travel time spent in this place.
 D = Time resting spent in this place.
 E = Time spent auto-exploring this place.
 F = Levels seen in this place.
 G = Mean time per level.
                   A        B        C        D        E       F      G
               +--------+--------+--------+--------+--------+-----+--------+
         Total |   2383 |   2305 |     78 |      0 |   1939 |   3 |  794.3 |
       Dungeon |   2383 |   2305 |     78 |      0 |   1939 |   3 |  794.3 |
               +--------+--------+--------+--------+--------+-----+--------+

Top non-repeatable levels by time:
     D:2: 1304 daAuts
     D:1: 879 daAuts
     D:3: 200 daAuts
